 Dungeon Crawl Stone Soup version 0.17.0-28-g6e173f8 (webtiles) character file.

6094 Ijustatesigmund the Thaumaturge (level 10, -16/56 HPs)
             Began as a Deep Elf Wizard on Dec 3, 2015.
             Was a Believer of Vehumet.
             Demolished by a white ugly thing (26 damage)
             ... on level 9 of the Dungeon.
             The game lasted 01:07:36 (14059 turns).

Ijustatesigmund the Thaumaturge (Deep Elf Wizard)  Turns: 14059, Time: 01:07:38

Health: -16/56     AC:  4    Str:  4    XL:     10   Next: 58%
Magic:  14/25      EV: 15    Int: 29    God:    Vehumet [**....]
Gold:   376        SH:  0    Dex: 14    Spells: 10 memorised, 5 levels left

rFire  . . .     SeeInvis .     D - +3 short sword
rCold  . . .     Clarity  .     r - +2 robe {MR+}
rNeg   . . .     SustAt   .     (no shield)
rPois  .         Gourm    .     b - +0 hat
rElec  .         Spirit   .     (no cloak)
rCorr  .         Warding  .     (no gloves)
rMut   .         Stasis   .     (no boots)
MR     ++...                    l - amulet of regeneration
Stlth  ++++......               F - ring of wizardry
                                g - +3 ring of intelligence

@: very resistant to hostile enchantments, stealthy
A: no striking features
a: Renounce Religion


You were on level 9 of the Dungeon.
You worshipped Vehumet.
Vehumet was pleased with you.
You were not hungry.

You visited 2 branches of the dungeon, and saw 10 of its levels.

You collected 402 gold pieces.
You spent 26 gold pieces at shops.

Inventory:

Hand Weapons
 q - a +0 vampiric whip
 t - a +1 war axe of flaming
 D - a +3 short sword (weapon)
Armour
 a - a +0 robe
 b - a +0 hat (worn)
 j - a +2 leather armour of magic resistance
 r - a +2 robe of magic resistance (worn)
 y - a steam dragon hide
Jewellery
 g - a +3 ring of intelligence (left hand)
 l - an amulet of regeneration (around neck)
 p - an uncursed ring of invisibility
 F - a ring of wizardry (right hand)
 G - an uncursed ring of ice
 K - an uncursed amulet of clarity
Wands
 d - a wand of random effects (16)
 u - a wand of random effects (21)
 z - a wand of slowing (38)
 B - a wand of frost (13)
 J - a wand of digging (10)
 L - a wand of draining (2)
Scrolls
 n - 3 scrolls of remove curse
 o - 2 scrolls of immolation
 s - a scroll of identify
 v - a scroll of enchant weapon
 w - a scroll of amnesia
 x - 2 scrolls of magic mapping
 C - 6 scrolls of enchant armour
Potions
 e - 2 potions of lignification
 h - 3 potions of flight
 k - 2 potions of curing
 E - a potion of heal wounds
 I - a potion of mutation
Books
 c - a book of Minor Magic

   Spells                             Type                      Level
   a - Magic Dart                     Conjuration                  1
   b - Blink                          Translocation                2
   c - Call Imp                       Summoning                    2
   d - Repel Missiles                 Charms/Air                   2
   e - Slow                           Hexes                        2
   f - Conjure Flame                  Conjuration/Fire             3
   g - Mephitic Cloud                 Conjuration/Poison/Air       3
 m - a book of Burglary

   Spells                             Type                      Level
   a - Swiftness                      Charms/Air                   2
   b - Passwall                       Transmutation/Earth          3
   c - Passage of Golubria            Translocation                4
   d - Lee's Rapid Deconstruction     Earth                        5
   e - Darkness                       Hexes                        6
   f - Invisibility                   Hexes                        6
Miscellaneous
 i - a phantom mirror
Comestibles
 f - 6 meat rations
 A - 6 chunks of flesh
 M - a bread ration


   Skills:
 - Level 4.1 Fighting
 + Level 3.2 Short Blades
 - Level 6.4 Dodging
 - Level 8.8 Stealth
 - Level 9.1 Spellcasting
 - Level 7.0 Conjurations
 - Level 6.0 Hexes
 - Level 1.1 Summonings
 + Level 4.1 Translocations
 - Level 2.4 Fire Magic
 - Level 3.9 Air Magic
 - Level 4.0 Poison Magic


You had 5 spell levels left.
You knew the following spells:

 Your Spells              Type           Power        Failure   Level  Hunger
a - Magic Dart            Conj           ####         1%          1    None
b - Blink                 Tloc           N/A          1%          2    None
c - Repel Missiles        Chrm/Air       ###...       1%          2    None
d - Mephitic Cloud        Conj/Pois/Air  #####...     1%          3    None
e - Conjure Flame         Conj/Fire      #####...     1%          3    None
f - Call Imp              Summ           ###.....     1%          2    None
g - Flame Tongue          Conj/Fire      #####        1%          1    None
h - Slow                  Hex            #####...     1%          2    None
i - Swiftness             Chrm/Air       ###.....     1%          2    None
j - Passage of Golubria   Tloc           N/A          4%          4    None


Dungeon Overview and Level Annotations

Branches:
Dungeon (9/15)             Temple (1/1) D:7
   Lair: D:8-11         Orc: D:9-12

Altars:
Ashenzari
Cheibriados
Dithmenos
Elyvilon
Fedhas
Gozag
Kikubaaqudgha
Makhleb
Nemelex Xobeh
Okawaru
Qazlal
Ru
Sif Muna
Trog
Vehumet
Xom
Yredelemnul
Zin
The Shining One

Shops:
D:7 [   D:8 %(   D:9 *

Annotations:
D:9 Nicoed's ghost, novice DrTm


Message History

20 arrows; a shortbow The hound is engulfed in noxious fumes.
The hound appears confused.
You see here a short sword.
Casting: Mephitic Cloud
Confirm with . or Enter, or press ? or * to list all spells.
Aiming: Conjure Flame
Press: ? - help, Dir - move target cursor, p - white ugly thing The fire roars!
The hound closely misses the wight.
You hit the white ugly thing.
The white ugly thing is lightly wounded.
The white ugly thing is engulfed in roaring flames.
The white ugly thing kicks you! The white ugly thing freezes you!!
Ouch! That really hurt!
You barely miss the white ugly thing.
The white ugly thing is lightly wounded.
The white ugly thing is engulfed in roaring flames.
The white ugly thing kicks you!
* * * LOW HITPOINT WARNING * * *
The white ugly thing freezes you!!
You die...

#..[..# #..[...... #.....#
#####..... .... #.....# #.....
.... ##.....# #..... ....Y
#......# #.#...
......########.....#########.#.#.
......o......................#...
...†..########.##########.....##.
........§§.h.z.u@.....(....§.[...
.......§§......##########.###.##.
......########## #.#<§.o.. ......
#...§§§## ..... #####§§## ....h
#[[.# ...z #)#.# .... #.#.# #.#..


You could see a white ugly thing, a hound (confused) and a wight.

Vanquished Creatures
  Pikel (D:9)
  Prince Ribbit (D:7)
  Sigmund (D:3)
  A wasp (D:9)
  A wyvern (D:9)
  A steam dragon (D:7)
  A hippogriff (D:7)
  A vampire mosquito (D:9)
  A slave (D:9)
  3 sky beasts
  An ice beast (D:4)
  2 centaurs
  An eye of draining (D:9)
  A necrophage (D:8)
  5 orc warriors
  12 ogres
  2 phantoms
  3 giant frogs
  A wyvern zombie (D:7)
  3 scorpions
  5 wights (D:8)
  The ghost of lucasterio the Digger, a weakling DrEE (D:3)
  A jelly (D:5)
  6 crimson imps
  11 orc wizards
  A giant frog skeleton (D:6)
  2 giant frog zombies
  7 orc priests
  A hound (D:7)
  An iguana (D:5)
  6 worker ants
  A hound skeleton (D:4)
  5 shadow imps
  13 adders
  A worm (D:2)
  A giant gecko (D:4)
  42 orcs
  2 ball pythons
  3 giant cockroaches
  6 hobgoblins
  19 jackals
  3 quokkas
  6 bats
  A giant gecko skeleton (D:5)
  7 giant newts
  6 goblins
  A jackal skeleton (D:5)
  5 kobolds
  A quokka zombie (D:5)
  35 rats
243 creatures vanquished.

Vanquished Creatures (collateral kills)
  Joseph (D:7)
  A wyvern (D:8)
  An orc (D:8)
3 creatures vanquished.

Vanquished Creatures (others)
  3 slaves (D:9)
  An orc priest (D:9)
  An orc wizard (D:9)
  2 orcs (D:9)
7 creatures vanquished.

Grand Total: 253 creatures vanquished

Notes
Turn   | Place    | Note
--------------------------------------------------------------
     0 | D:1      | Ijustatesigmund the Deep Elf Wizard began the quest for the Orb.
     0 | D:1      | Reached XP level 1. HP: 10/10 MP: 7/7
   588 | D:1      | Reached XP level 2. HP: 10/15 MP: 3/9
   959 | D:1      | Learned a level 2 spell: Blink
   962 | D:1      | Learned a level 2 spell: Repel Missiles
  1100 | D:2      | Reached skill level 5 in Spellcasting
  1351 | D:2      | Reached XP level 3. HP: 19/19 MP: 9/11
  1357 | D:2      | Learned a level 3 spell: Mephitic Cloud
  1361 | D:2      | Learned a level 3 spell: Conjure Flame
  2281 | D:2      | Reached XP level 4. HP: 22/24 MP: 4/13
  2285 | D:2      | Learned a level 2 spell: Call Imp
  2518 | D:2      | Found a deep blue altar of Sif Muna.
  2723 | D:3      | Noticed lucasterio's ghost (weakling DrEE)
  2866 | D:5      | Entered Level 5 of the Dungeon
  2996 | D:5      | Noticed an ogre
  3317 | D:5      | Reached XP level 5. HP: 24/28 MP: 1/15
  3487 | D:4      | Reached skill level 6 in Spellcasting
  3653 | D:4      | Reached skill level 1 in Air Magic
  3716 | D:4      | Reached skill level 1 in Poison Magic
  3857 | D:4      | Noticed an ogre
  3868 | D:4      | Killed an ogre
  3868 | D:4      | Reached XP level 6. HP: 32/32 MP: 4/17
  3997 | D:4      | Noticed an ogre
  4266 | D:4      | Killed an ogre
  4266 | D:4      | Reached XP level 7. HP: 36/36 MP: 1/19
  4645 | D:4      | Found a sacrificial altar of Ru.
  4645 | D:4      | Found a basalt altar of Yredelemnul.
  4781 | D:5      | Reached skill level 7 in Spellcasting
  4825 | D:5      | Noticed a sky beast
  4834 | D:5      | Killed a sky beast
  4927 | D:5      | Noticed a centaur
  5014 | D:5      | Killed a centaur
  5014 | D:5      | Reached skill level 1 in Fighting
  5568 | D:6      | Reached XP level 8. HP: 44/44 MP: 3/20
  5706 | D:6      | Reached skill level 5 in Stealth
  6615 | D:6      | Reached skill level 8 in Stealth
  6858 | D:7      | Found an ancient bone altar of Kikubaaqudgha.
  6946 | D:7      | Noticed Joseph
  6966 | D:7      | Found a sparkling altar of Nemelex Xobeh.
  7018 | D:7      | Found Affy's Armour Shop.
  7029 | D:7      | Found a shattered altar of Ashenzari.
  7075 | D:7      | Found a staircase to the Ecumenical Temple.
  7083 | Temple   | Entered the Ecumenical Temple
  7224 | Temple   | Became a worshipper of Vehumet
  7380 | D:7      | Reached skill level 5 in Conjurations
  7567 | D:7      | Noticed Prince Ribbit
  8022 | D:6      | Reached XP level 9. HP: 48/48 MP: 7/23
  8381 | D:3      | Killed lucasterio's ghost
  8804 | D:3      | Noticed Sigmund
  8821 | D:3      | Killed Sigmund
  8821 | D:3      | Reached skill level 9 in Spellcasting
  8969 | D:3      | Reached * piety under Vehumet
  8969 | D:3      | Offered knowledge of Flame Tongue by Vehumet.
  8978 | D:3      | Learned a level 1 spell: Flame Tongue
  8981 | D:3      | Learned a level 2 spell: Slow
  9220 | D:3      | Found a blossoming altar of Fedhas.
  9528 | D:7      | Reached skill level 1 in Hexes
  9698 | D:7      | Killed Prince Ribbit
  9997 | D:7      | Reached skill level 5 in Dodging
 10011 | D:7      | Found a shadowy altar of Dithmenos.
 10333 | D:8      | Killed an ogre
 10345 | D:8      | Found Siustyxkie's Antique Weapon Boutique.
 10374 | D:8      | Reached ** piety under Vehumet
 10374 | D:8      | Offered knowledge of Searing Ray by Vehumet.
 10891 | D:9      | Noticed Pikel
 10931 | D:9      | Killed Pikel
 10931 | D:9      | Reached skill level 5 in Hexes
 11136 | D:9      | Reached XP level 10. HP: 56/56 MP: 5/25
 11158 | D:9      | Noticed Nicoed's ghost (novice DrTm)
 11180 | D:8      | Found Wovvypa's Food Emporium.
 11841 | D:7      | Killed Joseph
 11841 | D:7      | Reached skill level 1 in Fire Magic
 12543 | D:8      | Learned a level 2 spell: Swiftness
 12548 | D:8      | Learned a level 4 spell: Passage of Golubria
 12749 | D:8      | Reached skill level 1 in Short Blades
 12972 | D:9      | Found Sedots's General Store.
 12980 | D:9      | Bought a scroll of identify for 26 gold pieces
 13262 | D:9      | Offered knowledge of Inner Flame by Vehumet.
 14044 | D:9      | Noticed a white ugly thing
 14059 | D:9      | Demolished by a white ugly thing

Action                   |  1- 3 |  4- 6 |  7- 9 | 10-12 || total
-------------------------+-------+-------+-------+-------++-------
Melee: Dagger            |     9 |       |       |       ||     9
       Short sword       |       |    18 |       |    32 ||    50
       War axe           |       |       |    22 |       ||    22
 Cast: Magic Dart        |    92 |   120 |   536 |   295 ||  1043
       Repel Missiles    |     1 |       |     2 |     1 ||     4
       Mephitic Cloud    |       |    11 |    36 |    22 ||    69
       Conjure Flame     |       |     2 |     3 |     6 ||    11
       Blink             |       |     1 |    10 |     5 ||    16
       Call Imp          |       |       |     2 |    18 ||    20
Evoke: Wand              |       |       |       |     2 ||     2
  Use: Scroll            |     4 |     6 |    10 |     5 ||    25
       Potion            |       |     1 |     4 |     1 ||     6
 Stab: Confused          |       |     3 |       |       ||     3
       Sleeping          |       |     1 |       |       ||     1
       Fleeing           |       |       |       |     1 ||     1
  Eat: Chunk             |     3 |     2 |    16 |     1 ||    22
       Bread ration      |       |     1 |     1 |     1 ||     3
       Royal jelly       |       |       |     1 |       ||     1
       Pizza             |       |       |     1 |       ||     1
       Meat ration       |       |       |       |     1 ||     1
